 Seeded DCSS version 0.30-a0-225-g04c3547 (webtiles) character file.

Game seed: 7674521023698936968 (custom seed)

686 edsrzf the Insei (level 7, -4/48 HPs)
             Began as a Human Transmuter on Oct 9, 2022.
             Slain by an ogre
             ... wielding a +0 giant club
              (35 damage)
             ... on level 5 of the Dungeon.
             The game lasted 00:12:22 (4656 turns).

edsrzf the Insei (Human Transmuter)                 Turns: 4656, Time: 00:12:22

Health: -4/48      AC:  2    Str: 11    XL:     7   Next: 94%
Magic:  7/11       EV: 19    Int: 15    God:
Gold:   335        SH:  5    Dex: 18    Spells: 3/12 levels left

rFire   . . .      SeeInvis .      - Unarmed
rCold   . . .      Faith    .    (shield currently unavailable)
rNeg    . . .      Spirit   .    (body armour currently unavailable)
rPois   x          Reflect  +    (helmet currently unavailable)
rElec   .          Harm     .    (cloak currently unavailable)
rCorr   .          Rampage  .    (gloves currently unavailable)
Will    .....                    (boots currently unavailable)
Stlth   ++........               w - amulet of reflection
HPRegen 0.28/turn                (no ring)
MPRegen 0.12/turn                (no ring)

@: spider-form (expiring)
A: venomous fangs, tiny
a: End Transformation


You were on level 5 of the Dungeon.
You were a venomous arachnid creature.
You visited 1 branch of the dungeon, and saw 5 of its levels.

You collected 335 gold pieces.

Inventory:

Hand Weapons
 g - a +0 dagger of electrocution
 v - a +1 dagger of venom
Missiles
 l - 10 poisoned darts
Armour
 a - a +0 robe (melded)
 i - a +0 pair of boots (melded)
Jewellery
 w - an amulet of reflection (around neck)
Wands
 m - a wand of flame (49)
 o - a wand of acid (12)
Scrolls
 e - a scroll of vulnerability {unknown}
 f - 4 scrolls of identify {unknown}
 h - 3 scrolls of teleportation {unknown}
 j - 2 scrolls of fear {unknown}
 k - a scroll of poison {unknown}
 q - 2 scrolls of blinking {unknown}
 t - 2 scrolls of immolation {unknown}
 x - a scroll of enchant armour {unknown}
Potions
 b - a potion of lignification
 c - 4 potions of curing
 d - a potion of haste {unknown}
 n - a potion of brilliance {unknown}
 p - 2 potions of might
 r - a potion of cancellation {unknown}
 s - a potion of degeneration {unknown}
 u - a potion of flight {unknown}


   Skills:
 - Level 1.0 Fighting
 - Level 2.0 Dodging
 + Level 5.9 Unarmed Combat
 - Level 3.0 Spellcasting
 + Level 2.3 Conjurations
 - Level 4.0 Transmutations
 + Level 3.3 Poison Magic


You had 3 spell levels left.
You knew the following spells:

 Your Spells              Type           Power      Damage    Failure   Level
a - Beastly Appendage     Tmut           28%        N/A       12%         1
b - Wereblood             Tmut           14%        N/A       17%         2
s - Spider Form           Tmut/Pois      13%        N/A       32%         3
C - Mephitic Cloud        Conj/Pois/Air  7%         N/A       50%         3

Your spell library contained the following spells:

 Spells                   Type           Power      Damage    Failure   Level
 Magic Dart               Conj           36%        1d4       21%         1
 Call Imp                 Summ           2%         N/A       52%         2
 Gell's Gravitas          Tloc           2%         N/A       73%         3
 Kindle Blastsparks       Fire/Tloc/Air  4%         2d10      73%         3
 Teleport Other           Tloc           2%         N/A       73%         3
 Ice Form                 Ice/Tmut       8%         N/A       83%         4
 Fulminant Prism          Conj/Hex       2%         3d6       90%         4
 Iskenderun's Mystic Bla  Conj/Tloc      5%         2d3       90%         4
 Lee's Rapid Deconstruct  Erth           1%         3d5*      100%        5
 Dispersal                Tloc           1%         N/A       100%        6


Dungeon Overview and Level Annotations

Branches:
Dungeon (5/15)
 Temple: D:4-7

Altars:
Trog
Yredelemnul
Zin

Annotations:
D:2 Sigmund
D:5 exclusion: ogre


Message History

You hit the adder.
The adder is lightly wounded.
The adder closely misses you.
You punch the adder!
You kill the adder!
You see here an adder corpse.
You see here an adder corpse.
There is a stone staircase leading up here.
l - 8 poisoned darts (gained 3)
Found a stone staircase leading down.
l - 10 poisoned darts (gained 2)
c - 4 potions of curing (gained 1)
There is a stone staircase leading up here.
There is a stone staircase leading down here.
There is a stone staircase leading down here.
There is a stone staircase leading up here.
Found a scale mail.
You now have 335 gold pieces (gained 8).
An orc priest comes into view. It is wielding a +0 trident.
An orc wizard comes into view. It is wielding a +0 dagger.
You see here a +0 scale mail.
The orc wizard shouts!
An orc comes into view. It is wielding a +0 dagger.
The orc shouts!
You hear a shout!
Casting: Spider Form (dangerous; 14% risk of failure)
Confirm with . or Enter, or press ? or * to list all spells.
You miscast Spider Form.
You are very lightly contaminated with residual magic.
Nothing appears to happen.
The orc wizard points at you and mumbles some strange words.
You resist with some effort.
Casting: Spider Form (dangerous; 14% risk of failure)
Confirm with . or Enter, or press ? or * to list all spells.
You turn into a venomous arachnid creature.
Your +0 pair of boots melds into your body.
Your +0 robe melds into your body.
Unknown command.
You hit the orc wizard.
The orc wizard is poisoned.
The orc wizard is heavily wounded.
The orc wizard misses you.
You hit the orc wizard.
The orc wizard is almost dead.
The orc wizard hits you with a +0 dagger.
You hit the orc wizard.
You kill the orc wizard!
The orc closely misses you.
Things that are here:
a +0 dagger; a +0 robe You hit the orc.
The orc is poisoned.
The orc is almost dead.
The orc barely misses you.
You barely miss the orc.
The orc is almost dead.
You kill the orc!
Your magical contamination has completely faded away.
Things that are here:
a +0 dagger; an orc corpse An orc comes into view.
It is wielding a +0 dagger.
The orc shouts!
You hear a shout!
The orc priest barely misses you.
You bite the orc priest!
The orc priest is poisoned.
The orc priest is heavily wounded.
The orc priest closely misses you.
You hit the orc priest.
The orc priest looks as sick as possible!
The orc priest is severely wounded.
The orc priest barely misses you.
You hit the orc priest.
The orc priest looks as sick as possible!
The orc priest is almost dead.
You kill the orc priest!
You hit the orc but do no damage.
The orc is poisoned.
The orc completely misses you.
You barely miss the orc.
The orc is lightly wounded.
Your transformation is almost over.
The orc closely misses you.
You hit the orc.
You kill the orc!
Found 12 gold pieces and a blackened iron wand.
Things that are here:
a +0 dagger; a +0 ring mail You hit the ogre.
The ogre is lightly wounded.
The ogre hits you with a +0 giant club!!
You hit the ogre.
The ogre is moderately wounded.
You hit the ogre.
The ogre is poisoned.
The ogre is moderately wounded.
The ogre misses you.
You completely miss the ogre.
The ogre is heavily wounded.
You bite the ogre!
The ogre is almost dead.
You block the ogre's attack.
You hit the ogre.
The ogre is almost dead.
The ogre hits you with a +0 giant club!!
Ouch! That really hurt!
You die...

#....# #.[# ###.
#[##.#####..#####...
#.# .##...........#.
#.# .##.###.#######.
#.# .## ###.# #. #)#
.# ......######.
#)##.#./###.........
#.#.....###..######.
#))sO....$...O......
###......... ######
####.#### .. ##


You could see an ogre (very poisoned).

Vanquished Creatures
  A black bear (D:4)
  An ogre (D:5)
  A phantom (D:5)
  A howler monkey (D:4)
  2 orc priests
  2 iguanas
  Jessica (D:2)
  An orc wizard (D:5)
  10 adders
  4 gnolls (D:3)
  A worm (D:4)
  2 dart slugs (D:3)
  8 orcs
  8 endoplasms
  A giant cockroach (D:3)
  8 goblins
  6 hobgoblins
  10 jackals
  6 quokkas
  9 ball pythons
  2 bats
  3 frilled lizards
  9 kobolds
  10 rats
107 creatures vanquished.

Notes
Turn   | Place    | Note
-------+----------+-------------------------------------------
     0 | D:1      | edsrzf the Human Transmuter began the quest for the Orb.
     0 | D:1      | Reached XP level 1. HP: 15/15 MP: 3/3
   160 | D:1      | Reached XP level 2. HP: 20/21 MP: 3/5
   469 | D:1      | Learned a level 2 spell: Wereblood
   476 | D:1      | Reached XP level 3. HP: 26/26 MP: 6/6
   866 | D:2      | Noticed Sigmund
   906 | D:2      | Noticed Jessica
   936 | D:2      | Killed Jessica
   937 | D:2      | Reached skill level 4 in Unarmed Combat
   937 | D:2      | Reached skill level 3 in Transmutations
   937 | D:2      | Reached XP level 4. HP: 26/32 MP: 5/7
  1220 | D:2      | Learned a level 3 spell: Spider Form
  1673 | D:2      | Reached XP level 5. HP: 33/37 MP: 5/8
  2190 | D:3      | Identified 3 potions of curing
  2193 | D:3      | Reached skill level 4 in Transmutations
  2453 | D:3      | Reached XP level 6. HP: 35/43 MP: 9/9
  2611 | D:3      | Reached skill level 1 in Poison Magic
  2723 | D:3      | Learned a level 3 spell: Mephitic Cloud
  2743 | D:3      | Identified the +6 dagger of Earthquakes {antimagic, Dex+6}
  2835 | D:3      | Reached skill level 5 in Unarmed Combat
  3197 | D:4      | Noticed a black bear
  3209 | D:4      | Killed a black bear
  3210 | D:4      | Reached skill level 2 in Poison Magic
  3497 | D:4      | Reached skill level 3 in Spellcasting
  3497 | D:4      | Reached XP level 7. HP: 29/48 MP: 11/11
  3786 | D:4      | Noticed a moth of wrath
  3789 | D:4      | Found a bloodstained altar of Trog.
  3914 | D:4      | Found a large runed translucent door.
  3915 | D:4      | Found a large runed translucent door.
  4014 | D:4      | Found a glowing silver altar of Zin.
  4017 | D:4      | Found a basalt altar of Yredelemnul.
  4045 | D:5      | Entered Level 5 of the Dungeon
  4098 | D:5      | Reached skill level 1 in Conjurations
  4302 | D:5      | Reached skill level 2 in Conjurations
  4302 | D:5      | Reached skill level 3 in Poison Magic
  4656 | D:5      | Slain by an ogre

Illustrated notes

Levels and vault maps discovered:
D:1:      saegor_arrival_simple_b, layout_basic
D:2:      layout_loops_ring, uniq_sigmund, uniq_jessica
D:3:      layout_loops_ring
D:4:      layout_loops_ring, tgw_trog, jmf_multi_god_temple2, kennysheep_dice
D:5:      layout_loops_ring

Skill      XL: |  1  2  3  4  5  6  7 |
---------------+----------------------+-----
Unarmed Combat | 4 5 |  5.9
Transmutations | 3 4 |  4.0
Poison Magic   | 2 3 |  3.3
Spellcasting   | 3 |  3.0
Conjurations   | 2 |  2.3
Fighting       | |  1.0
Dodging        | |  2.0

Action                   |  1- 3 |  4- 6 |  7- 9 || total
-------------------------+-------+-------+-------++-------
Melee: Unarmed           |    89 |   194 |    73 ||   356
       Headbutt          |    15 |    22 |    11 ||    48
       Kick              |    17 |    28 |    10 ||    55
       Punch             |     1 |     8 |       ||     9
 Cast: Beastly Appendage |    16 |    26 |     7 ||    49
       Spider Form       |       |       |     2 ||     2
Evoke: Wand              |       |     4 |       ||     4
  Use: Potion            |       |     1 |       ||     1
 Stab: Sleeping          |       |     3 |       ||     3
Armor: Robe              |    17 |    26 |     3 ||    46
Dodge: Dodged            |    59 |    99 |    35 ||   193
Block: Other             |       |       |     4 ||     4

Table legend: (Time is in decaauts)
 A = Elapsed time spent in this place.
 B = Non-inter-level travel time spent in this place.
 C = Inter-level travel time spent in this place.
 D = Time resting spent in this place.
 E = Time spent auto-exploring this place.
 F = Levels seen in this place.
 G = Mean time per level.
                   A        B        C        D        E       F      G
               +--------+--------+--------+--------+--------+-----+--------+
         Total |   4626 |   4403 |    223 |    784 |   2507 |   5 |  925.2 |
       Dungeon |   4626 |   4403 |    223 |    784 |   2507 |   5 |  925.2 |
               +--------+--------+--------+--------+--------+-----+--------+

Top non-repeatable levels by time:
     D:3: 1124 daAuts
     D:4: 1018 daAuts
     D:2: 977 daAuts
     D:1: 899 daAuts
     D:5: 606 daAuts
